 Dungeon Crawl Stone Soup version 0.32-a0-986-ga09f62fbf4 (webtiles) character file.

Game seed: 14143317083027518476

5144 draino the Merchant of Misery (level 10, -6/86 HPs)
             Began as a Mountain Dwarf Necromancer on Apr 21, 2024.
             Was a Believer of Kikubaaqudgha.
             Mangled by a hellwing (8 damage)
             ... summoned by a kobold demonologist
             ... on level 9 of the Dungeon.
             The game lasted 00:51:30 (8181 turns).

draino the Merchant of Misery (MDNe)                Turns: 8181, Time: 00:51:31

Health: -6/86      AC: 22    Str: 11    XL:     10   Next: 33%
Magic:  6/18       EV:  5    Int: 20    God:    Kikubaaqudgha [**....]
Gold:   327        SH:  0    Dex: 10    Spells: 9/20 levels left

rFire   + . .        a - +0 flail (venom)
rCold   . . .        (no shield)
rNeg    . . .        r - +8 chain mail "Mawainie" {-Tele rElec rF+ Regen+ SInv}
rPois   .            H - +0 helmet
rElec   +            (no cloak)
rCorr   .            f - +0 pair of gloves
SInv    +            q - +0 pair of boots
Will    +....        n - amulet of magic regeneration Stlth
                     (no ring)
HPRegen 1.14/turn    (no ring)
MPRegen 0.56/turn

%: no teleportation
@: fugue, animating dead
A: runic magic, artefact enchanting
a: Renounce Religion, Unearth Wretches


You were on level 9 of the Dungeon.
You worshipped Kikubaaqudgha.
Kikubaaqudgha was pleased with you.
You visited 2 branches of the dungeon, and saw 10 of its levels.

You collected 327 gold pieces.

Inventory:

Hand Weapons
 a - a +0 flail of venom (weapon)
 b - a +0 sling
 w - a +0 morningstar
 y - the +1 short sword "Ised Cabb" {spect, Str+8 Dex+2}
   (You found it on level 5 of the Dungeon)

   Str+8:     It affects your strength (+8).
   Dex+2:     It affects your dexterity (+2).
 B - a +0 dagger of venom
 G - a +0 dagger of pain
 L - a +2 falchion
 M - a +0 broad axe
 R - a +2 scimitar of flaming
 S - a +1 mace of venom
Missiles
 c - 36 poisoned darts
 K - 6 boomerangs
Armour
 f - a +0 pair of gloves (worn)
 q - a +0 pair of boots (worn)
 r - the +8 chain mail "Mawainie" (worn) {-Tele rElec rF+ Regen+ SInv}
   (You took it off a kobold on level 2 of the Dungeon)

   rF+:       It protects you from fire.
   rElec:     It insulates you from electricity.
   SInv:      It lets you see invisible.
   -Tele:     It prevents most forms of teleportation.
   Regen+:    It increases your rate of health regeneration.
 C - +0 steam dragon scales
 H - a +0 helmet (worn)
 I - +0 steam dragon scales
 O - a +0 plate armour
Jewellery
 n - an amulet of magic regeneration (around neck)
 u - an amulet of magic regeneration
 Q - a ring of poison resistance
Talismans
 v - a flux talisman
Wands
 g - a wand of roots (9)
 T - a wand of polymorph (3)
Scrolls
 d - 2 scrolls of enchant weapon
 i - 3 scrolls of fog {unknown}
 j - 5 scrolls of identify
 k - 3 scrolls of teleportation {unknown}
 t - a scroll of silence {unknown}
 A - a scroll of noise {unknown}
 E - a scroll of torment {unknown}
 F - a scroll of vulnerability {unknown}
 J - a scroll of revelation {unknown}
 P - a scroll of immolation {unknown}
Potions
 e - 2 potions of magic
 h - 2 potions of enlightenment
 l - 4 potions of brilliance
 m - a potion of degeneration
 o - 3 potions of attraction
 p - 3 potions of curing
 s - 2 potions of resistance
 x - 2 potions of mutation {unknown}
 z - a potion of might {unknown}
 D - 2 potions of haste {unknown}
 N - a potion of ambrosia {unknown}


   Skills:
 + Level 7.0 Fighting
 * Level 6.4 Maces & Flails
 + Level 7.0 Armour
 - Level 1.3 Dodging
 - Level 1.4 Stealth
 + Level 5.8 Spellcasting
 + Level 10.5 Necromancy


You had 9 spell levels left.
You knew the following spells:

 Your Spells              Type           Power      Damage    Failure   Level
a - Necrotise             Necr           100%       1d9       1%          1
d - Vampiric Draining     Necr           48%        2d9       1%          3
f - Fugue of the Fallen   Necr           48%        N/A       1%          3
n - Animate Dead          Necr           48%        N/A       3%          4

Your spell library contained the following spells:

 Spells                   Type           Power      Damage    Failure   Level
 Sublimation of Blood     Necr           48%        N/A       1%          2
 Curse of Agony           Necr           48%        N/A       9%          5
 Apportation              Tloc           10%        N/A       22%         1
 Magic Dart               Conj           20%        1d4       22%         1
 Blink                    Tloc           10%        N/A       34%         2
 Call Imp                 Summ           10%        N/A       34%         2
 Jinxbite                 Hex            10%        N/A       34%         2
 Alistair's Intoxication  Alch           3%         N/A       99%         5


Dungeon Overview and Level Annotations

Branches:
Dungeon (9/15)             Temple (1/1) D:6
   Lair: D:8-11         Orc: D:9-12

Altars:
Ashenzari
Cheibriados
Dithmenos
Elyvilon
Fedhas
Gozag
Hepliaklqana
Kikubaaqudgha
Nemelex Xobeh
Okawaru
Qazlal
Ru
Sif Muna
Trog
Uskayaw
Vehumet
Wu Jian
Xom
Yredelemnul
Zin

Shops:
D:3 [


Innate Abilities, Weirdness & Mutations

Your spellcasting is much less encumbered by armour.
You can use scrolls of enchantment on lesser artefacts.


Message History

You kill Maggie!
Kikubaaqudgha accepts your kill.
You feel life coursing into your body.
The dead are walking!
The wailing of tortured souls fills the air!
The yak gores you! The yak gores you but does no damage.
The kobold demonologist mumbles some strange words.
The yak gores you.
* * * LOW HITPOINT WARNING * * *
The crimson imp blinks!
Your Fighting skill increases to level 7!
Your Armour skill increases to level 7!
Unknown command.
Unknown command.
Unknown command.
Casting: Vampiric Draining (safe; 1% risk of failure)
Confirm with . or Enter, or press ? or * to list all spells.
Aiming: Vampiric Draining (safe; 1% risk of failure)
Press: ? - help, Shift-Dir - straight line, f - yak
Aim: a yak (severely wounded, poisoned)
You draw life force from the yak.
You feel life coursing into your body. The yak gores you but does no damage.
The yak gores you!
* * * LOW HITPOINT WARNING * * *
The yak gores you but does no damage.
You closely miss the kobold demonologist.
The yak gores you.
* * * LOW HITPOINT WARNING * * *
The kobold demonologist hits you but does no damage.
The yak barely misses you. The yak gores you but does no damage.
The hellwing swoops through the air toward you!
The hellwing hits you but does no damage. x2
You closely miss the kobold demonologist.
Maggie hits the yak.
The yak gores you.
* * * LOW HITPOINT WARNING * * *
The yak gores you but does no damage.
The kobold demonologist looks encouraged for a moment.
The yak gores you!
* * * LOW HITPOINT WARNING * * *
The hellwing hits you!
You die...
Kikubaaqudgha rasps: You have failed me!
Welcome... death!

###. # .#.#...## .. .#
._..... . #.###. #. #...
.##...... #.##..##
.........
#......#######4.......
..###...#......4YY5......
...........####Z@Y5.5....
.###...##.......K#.####
#............## #
#...###..##### #...# ####
#...# #...# #####


You could see 2 hellwings, a kobold demonologist, 3 yaks, an iron imp
(summoned), a crimson imp (summoned), an ufetubus (summoned) and the friendly
Maggie the human zombie.

Vanquished Creatures
  A cyclops (D:8)
  Maggie (D:9)
  5 yaks (D:6)
  2 steam dragons
  Duvessa (D:6)
  2 water moccasins (D:6)
  2 orc warriors (D:6)
  An ice beast (D:7)
  2 sky beasts
  A black bear (D:4)
  3 kobold brigands
  5 scorpions
  5 wights (D:8)
  Dowan (D:6)
  A howler monkey (D:5)
  A hound (D:6)
  2 bombardier beetles
  8 orc priests
  A gnoll bouda (D:4)
  2 jellies
  Jessica (D:3)
  2 iguanas
  3 sleepcaps
  7 orc wizards
  13 gnolls
  7 adders
  5 shadow imps
  3 white imps
  2 dart slugs
  29 orcs
  5 endoplasms
  A giant cockroach (D:1)
  10 goblins
  4 hobgoblins
  2 jackals (D:2)
  5 quokkas
  3 ball pythons
  2 bats
  2 frilled lizards
  17 kobolds
  4 rats
  A spectral orc (D:3)
175 creatures vanquished.

Vanquished Creatures (collateral kills)
  Erica (D:8)
  A yak (D:6)
  An orc (D:8)
  A frilled lizard (D:1)
  A butterfly (D:7)
5 creatures vanquished.

Vanquished Creatures (others)
  2 yak zombies (D:6)
  A hound zombie (D:6)
  4 orc zombies
  An orc (D:8)
  A butterfly (D:7)
9 creatures vanquished.

Grand Total: 189 creatures vanquished

Notes
Turn   | Place    | Note
-------+----------+-------------------------------------------
     0 | D:1      | draino the Mountain Dwarf Necromancer began the quest for
                  | the Orb.
     0 | D:1      | Reached XP level 1. HP: 14/14 MP: 3/3
   225 | D:1      | Reached XP level 2. HP: 20/20 MP: 1/5
   886 | D:1      | Reached skill level 5 in Necromancy
  1190 | D:2      | Found a faded altar of an unknown god.
  1277 | D:2      | Reached XP level 3. HP: 26/26 MP: 4/6
  1476 | D:2      | You fall into a shaft and drop 1 floor!
  1476 | D:3      | Found a radiant altar of Vehumet.
  1726 | D:2      | Identified the +8 chain mail "Mawainie" {-Tele rElec rF+
                  | Regen+ SInv}
  1886 | D:3      | Reached skill level 1 in Fighting
  1889 | D:3      | Reached skill level 1 in Armour
  1889 | D:3      | Reached XP level 4. HP: 35/35 MP: 2/7
  1893 | D:3      | Learned a level 3 spell: Vampiric Draining
  2055 | D:3      | Found an ancient bone altar of Kikubaaqudgha.
  2055 | D:3      | Noticed Jessica
  2066 | D:3      | Killed Jessica
  2178 | D:3      | Found Vota Omil's Antique Armour Shop.
  2352 | D:3      | Found an iron altar of Okawaru.
  2448 | D:3      | Found a hazy altar of Hepliaklqana.
  2519 | D:3      | Upgraded the game from 0.32-a0-981-g384da2ce10 to
                  | 0.32-a0-986-ga09f62fbf4
  2524 | D:3      | Learned a level 4 spell: Animate Dead
  2839 | D:4      | Found a hide-covered altar of Uskayaw.
  2864 | D:4      | Reached XP level 5. HP: 41/41 MP: 5/9
  2932 | D:4      | Reached skill level 6 in Necromancy
  2960 | D:4      | Reached XP level 6. HP: 19/48 MP: 3/10
  3586 | D:5      | Entered Level 5 of the Dungeon
  3627 | D:4      | Reached skill level 7 in Necromancy
  3627 | D:4      | Reached XP level 7. HP: 57/57 MP: 10/12
  4024 | D:5      | Identified the +1 short sword "Ised Cabb" {spect, Str+8
                  | Dex+2}
  4049 | D:5      | Found a glowing silver altar of Zin.
  4049 | D:5      | Found an opulent altar of Gozag.
  4170 | D:3      | Became a worshipper of Kikubaaqudgha
  4960 | D:6      | Found a staircase to the Ecumenical Temple.
  4962 | D:6      | Noticed Duvessa
  4962 | D:6      | Noticed Dowan
  4981 | D:6      | Killed Duvessa
  4981 | D:6      | Killed Dowan
  5039 | Temple   | Entered the Ecumenical Temple
  5056 | D:6      | Noticed a steam dragon
  5067 | D:6      | Killed a steam dragon
  5068 | D:6      | Reached skill level 8 in Necromancy
  5068 | D:6      | Reached XP level 8. HP: 66/66 MP: 12/14
  5243 | D:6      | Found a shimmering blue altar of Sif Muna.
  5489 | D:6      | Reached skill level 5 in Fighting
  5489 | D:6      | Reached skill level 5 in Armour
  5489 | D:6      | Reached skill level 9 in Necromancy
  5503 | D:6      | Reached XP level 9. HP: 37/74 MP: 3/16
  5912 | D:6      | Reached skill level 1 in Maces & Flails
  5912 | D:6      | Reached skill level 5 in Spellcasting
  6145 | D:6      | Found a white marble altar of Elyvilon.
  6603 | D:7      | Found a shimmering altar of Xom.
  6639 | D:7      | Reached * piety under Kikubaaqudgha
  6639 | D:7      | Received a gift from Kikubaaqudgha
  6640 | D:7      | Reached skill level 10 in Necromancy
  6764 | D:7      | Found a glowing silver altar of Zin.
  7170 | D:7      | Learned a level 3 spell: Fugue of the Fallen
  7267 | D:8      | Reached ** piety under Kikubaaqudgha
  7300 | D:8      | Reached skill level 5 in Maces & Flails
  7389 | D:8      | Noticed a cyclops
  7407 | D:8      | Killed a cyclops
  7408 | D:8      | Reached XP level 10. HP: 74/84 MP: 9/18
  7532 | D:8      | Found a basalt altar of Yredelemnul.
  7769 | D:8      | Noticed Erica
  7780 | D:8      | Killed Erica
  8149 | D:9      | Found a broken altar of Ashenzari.
  8160 | D:9      | Noticed Maggie
  8178 | D:9      | Killed Maggie
  8181 | D:9      | HP: 2/86 [yak (11)]
  8181 | D:9      | Mangled by a hellwing

Illustrated notes

Levels and vault maps discovered:
D:1:      ebering_trefoil_twist, layout_loops_ring, minmay_pentomino_s2
D:2:      layout_basic, chequers_ecumenical_altar_simple_redux
D:3:      layout_loops_ring, nicolae_hepliaklqana_monster_ancestors,
          okawaru_metal_pillars_3, general_overflow_altar,
          mainiacjoe_overflow_catwalk, serial_shops, shop, uniq_jessica
D:4:      layout_gridville, mainiacjoe_overflow_alcove_1,
          amcnicky_mini_pool_small
D:5:      layout_layer_cave, grunt_temple_overflow_gold_and_silver
D:6:      layout_layer_cave, mainiacjoe_overflow_small_starburst,
          kennysheep_mini, minmay_temple_entry_junction_2,
          nicolae_figureground_sparkle, uniq_duvessa
D:7:      layout_cave_pools, xom_butterflies, serial_park,
          serial_park_tiny_pond, serial_park_tiny_pond, serial_park_gazebo
          [serial_park_minivault_5x5_3], serial_park_square2, nrook_mini_vaults
D:8:      layout_basic, mainiacjoe_overflow_brackets, uniq_erica
D:9:      layout_rooms, lemuel_crystal_altar, lemuel_coloured_pillars_altar,
          uniq_jeremiah, uniq_maggie
Temple:   nicolae_temple_godpark

Skill      XL: |  1  2  3  4  5  6  7  8  9 10 |
---------------+-------------------------------+-----
Spellcasting   | 2 3 4 5 |  5.8
Necromancy     | 5 6 7 8 9 10 | 10.5
Fighting       | 1 2 3 4 5 6 7 |  7.0
Armour         | 1 2 3 4 5 6 7 |  7.0
Maces & Flails | 5 6 |  6.4
Dodging        | |  1.3
Stealth        | |  1.4

Action                     |  1- 3 |  4- 6 |  7- 9 | 10-12 || total
---------------------------+-------+-------+-------+-------++-------
  Melee: Unarmed           |     8 |       |       |       ||     8
         Morningstar       |       |    93 |    64 |       ||   157
         Club              |       |     9 |       |       ||     9
         Mace              |       |     9 |   334 |    23 ||   366
         Flail             |       |       |       |    11 ||    11
   Fire: Sling             |     1 |     2 |       |       ||     3
   Cast: Necrotise         |    58 |    53 |       |       ||   111
         Vampiric Draining |       |    14 |    41 |     9 ||    64
         Animate Dead      |       |       |     4 |     1 ||     5
         Fugue of the Fall |       |       |       |     1 ||     1
    Use: Scroll            |       |     7 |       |       ||     7
         Potion            |       |       |     2 |       ||     2
 Armour: Robe              |    11 |       |       |       ||    11
         Ring mail         |     5 |       |       |       ||     5
         Chain mail        |     2 |   250 |   629 |    72 ||   953
  Dodge: Dodged            |     6 |    71 |   151 |    20 ||   248

Table legend: (Time is in decaauts)
 A = Elapsed time spent in this place.
 B = Non-inter-level travel time spent in this place.
 C = Inter-level travel time spent in this place.
 D = Time resting spent in this place.
 E = Time spent auto-exploring this place.
 F = Levels seen in this place.
 G = Mean time per level.
                   A        B        C        D        E       F      G
               +--------+--------+--------+--------+--------+-----+--------+
         Total |   8396 |   7593 |    803 |    547 |   4729 |  10 |  839.6 |
       Dungeon |   8391 |   7588 |    803 |    547 |   4729 |   9 |  932.3 |
        Temple |      4 |      4 |      0 |      0 |      0 |   1 |    4.0 |
               +--------+--------+--------+--------+--------+-----+--------+

Top non-repeatable levels by time:
     D:6: 1584 daAuts
     D:4: 1267 daAuts
     D:1: 1137 daAuts
     D:5: 1111 daAuts
     D:8: 919 daAuts
     D:3: 891 daAuts
     D:7: 792 daAuts
     D:2: 628 daAuts
     D:9: 59 daAuts
  Temple: 4 daAuts
